 Dungeon Crawl Stone Soup version 0.27-a0-1177-g245c70e1c0 (webtiles) character file.

Game seed: 17777401541149205371

17612 magipi the Spear-Bearer (level 12, -3/68 HPs)
             Began as a Djinni Berserker on May 16, 2021.
             Was a High Priest of Trog.
             Collided with a metal wall (6 damage)
             ... caused by a wretched star
             ... in a Gauntlet.
             The game lasted 01:04:59 (17014 turns).

magipi the Spear-Bearer (Djinni Berserker)         Turns: 17014, Time: 01:05:00

Health: -3/68      AC: 13    Str: 16      XL:     12   Next: 84%
Gold:   830        EV:  3    Int:  9 (10) God:    Trog [*****.] SH: 18 Dex: 10 (13)

rFire    + + .     SeeInvis .   a - +1 trident (venom)
rCold    x . .     Faith    .   g - +0 kite shield
rNeg     . . .     Spirit   .   i - +0 plate armour
rPois    ∞         Reflect  +   w - +1 helmet
rElec    .         Harm     .   E - +0 cloak
rCorr    .         Rampage  .   e - +1 pair of gloves
Will     +....     NoTele   +   (boots unavailable)
Stlth    ..........             r - amulet of reflection
HPRegen  0.21/turn              (no ring)
MPRegen  0.00/turn              (no ring)

@: unable to read, on berserk cooldown, flying, slowed, very slow
A: sickness immunity, fire resistance 2, cold vulnerability 1, float, innate
caster, hp casting, extra vitality 1, large bone plates 1, deformed body, no
potion heal 1, [deterioration 2], [frail 2], [screaming 2], [weak 2], [inability
to read while threatened]
a: Renounce Religion, Berserk, Trog's Hand, Brothers in Arms


You were in a Gauntlet.
You worshipped Trog.
Trog was extremely pleased with you.
You visited 3 branches of the dungeon, and saw 13 of its levels.
You also visited: Ossuary, Bailey and Gauntlet.

You collected 895 gold pieces.
You spent 65 gold pieces at shops.

Inventory:

Hand Weapons
 a - a +1 trident of venom (weapon)
   (You took it off a wight on level 7 of the Dungeon)
Missiles
 n - 11 javelins
 u - 3 silver boomerangs
 x - 11 boomerangs (quivered)
 D - 42 poisoned darts
 G - 8 curare-tipped darts
Armour
 e - a +1 pair of gloves (worn)
   (You found it on level 1 of the Dungeon)
 g - a +0 kite shield (worn)
   (You found it on level 1 of the Dungeon)
 i - a +0 plate armour (worn)
   (You found it on level 2 of the Dungeon)
 w - a +1 helmet (worn)
   (You found it on level 6 of the Dungeon)
 A - +0 acid dragon scales
   (You found it on level 10 of the Dungeon)
 E - a +0 cloak (worn)
   (You found it on level 9 of the Dungeon)
Jewellery
 r - an amulet of reflection (around neck)
   (You found it on level 10 of the Dungeon)
Wands
 o - a wand of polymorph (30)
   (You found it on level 4 of the Dungeon)
 s - a wand of acid (5)
   (You found it on level 8 of the Dungeon)
 y - a wand of mindburst (4)
   (You found it on level 7 of the Dungeon)
 H - a wand of flame (5)
   (You found it on level 1 of the Lair of Beasts)
Scrolls
 b - a scroll of torment {unknown}
 c - a scroll of acquirement {unknown}
 d - 2 scrolls of enchant weapon
 j - 3 scrolls of teleportation
 k - 3 scrolls of enchant armour
 z - a scroll of fear
 B - 3 scrolls of noise
 F - 2 scrolls of blinking {unknown}
Potions
 f - 8 potions of might
 h - 3 potions of curing
 l - a potion of haste
 m - 2 potions of resistance
 p - 2 potions of cancellation
 q - a potion of berserk rage
 t - a potion of heal wounds
 v - 2 potions of mutation
 C - a potion of lignification {unknown}


   Skills:
 + Level 7.0 Fighting
 + Level 11.2 Polearms
 + Level 8.6 Throwing
 + Level 6.4 Armour
 - Level 2.2 Dodging
 + Level 4.1 Shields
 + Level 6.1 Evocations


You couldn't memorise any spells.
You knew the following spells:

 Your Spells              Type           Power      Damage    Failure   Level
a - Pain                  Necr           0%         1d4       100%        1
b - Static Discharge      Conj/Air       0%         N/A       100%        2
c - Frozen Ramparts       Ice            0%         1d2       100%        3
d - Portal Projectile     Hex/Tloc       0%         N/A       100%        3
e - Fulminant Prism       Conj/Hex       0%         3d6       100%        4
Your spell library was empty.


Dungeon Overview and Level Annotations

Branches:
Dungeon (10/15)            Temple (1/1) D:5            Lair (2/6) D:10
    Orc (0/2) D:10        Ossuary (visited)          Bailey (visited)
Gauntlet (1/1)
  Swamp: Lair:2-4    Shoals: Lair:2-4     Snake: Lair:2-4    Spider: Lair:2-4

Altars:
Ashenzari
Cheibriados
Dithmenos
Elyvilon
Fedhas
Gozag
Hepliaklqana
Kikubaaqudgha
Makhleb
Nemelex Xobeh
Okawaru
Qazlal
Ru
Sif Muna
Trog
Uskayaw
Vehumet
Wu Jian
Xom
Yredelemnul
Zin
The Shining One
Jiyva

Shops:
D:8 ?

Annotations:
Gauntlet 9 transporters


Innate Abilities, Weirdness & Mutations

You are immune to sickness and miasma.
You are immune to poison.
Your flesh is very heat resistant. (rF++)
You are vulnerable to cold. (rC-)
You float through the air rather than walking.
You learn spells naturally, not from books.
Your magical power is your life essence.
You have superior vitality. (+4 HP)
You are partially covered in large bone plates. (SH +4)
Armour fits poorly on your strangely shaped body.
Potions are less effective at restoring your health.
[Your body often deteriorates upon taking damage.]
[You are very frail. (-20% HP)]
[You frequently scream uncontrollably at your foes.]
[You are very weak. (Str -4)]
[You sometimes lose the ability to read scrolls when taking damage.]


Message History

Unknown command.
Unknown command.
You block the neqoxec's attack.
You fail to use your ability.
You block the neqoxec's attack. The neqoxec hits you.
Unknown command.
Unknown command.
Your ogre goes berserk!
You block the neqoxec's attack. x2; The neqoxec hits you!
Your body deteriorates!
You feel clumsy.
Unknown command.
Unknown command.
You puncture the neqoxec!
The neqoxec is moderately wounded.
The neqoxec looks more healthy.
You block the neqoxec's attack.
Your ogre misses the neqoxec.
The wretched star pulses with an eldritch light!
You lose the ability to read scrolls when threatened.
Your ogre twists and deforms.
The neqoxec gestures at you.
Something tries to feed on your intellect!
The neqoxec gestures at you.
Strange energies course through your body.
Your body twists and deforms.
Unknown command.
You puncture the neqoxec!
The neqoxec is poisoned.
The neqoxec is severely wounded.
Your ogre closely misses the neqoxec.
The neqoxec gestures at you.
Something tries to feed on your intellect!
The neqoxec hits you.
Your ogre hits the neqoxec with a +0 giant spiked club!!
Unknown command.
Unknown command.
You hit the neqoxec.
The neqoxec looks as sick as possible!
The neqoxec is severely wounded.
Your ogre hits the neqoxec with a +0 giant spiked club!
The neqoxec dies!
Trog accepts your kill. The neqoxec hits you.
You block the small abomination's attack.
Your ogre closely misses the small abomination.
You block the neqoxec's attack.
Unknown command.
Unknown command.
Your system partially rejects the healing.
You feel much better.
You kill the neqoxec!
Trog accepts your kill.
Your ogre barely misses the small abomination.
The small abomination hits you!
You feel threatened and lose the ability to read scrolls!
Unknown command.
Your ogre barely misses the small abomination.
Your ogre closely misses the small abomination.
The small abomination hits you.
* * * LOW HITPOINT WARNING * * *
The wretched star pulses with an eldritch light!
You feel frail. x2
Your ogre twists and deforms.
Unknown command.
Unknown command.
Your ogre closely misses the small abomination.
Your ogre hits the wretched star with a +0 giant spiked club!
The small abomination hits you.
* * * LOW HITPOINT WARNING * * *
Unknown command.
Unknown command.
Aiming: Corrosive Bolt
Press: ? - help, Shift-Dir - straight line The bolt of acid hits the small abomination!
The small abomination is splashed with acid.
The acid corrodes the small abomination!
The small abomination is heavily damaged.
The bolt of acid misses the wretched star.
Your ogre hits the wretched star with a +0 giant spiked club!!
The small abomination hits you but does no damage.
Your ogre misses the wretched star.
Unknown command.
Unknown command.
Unknown command.
Aiming: Corrosive Bolt
Press: ? - help, Shift-Dir - straight line The bolt of acid hits the small abomination!!
The small abomination is splashed with acid.
You destroy the small abomination!
Trog accepts your kill.
The bolt of acid hits the wretched star!!
The wretched star is splashed with acid.
The acid corrodes the wretched star!
The wretched star is almost destroyed.
You can read scrolls again.
The wretched star glows turbulently.
The lance of force hits you!!
You feel threatened and lose the ability to read scrolls!
* * * LOW HITPOINT WARNING * * *
Your body deteriorates!
You feel clumsy.
You are knocked back by the lance of force.
You slam into the metal wall!
You die...

#≈≈..................≈#
#≈..P....#########...##
####..PPP.♣.#.#.....#.♣.≈##
#≈≈...P.P...#.#.###!#...≈≈#
#≈..♣.♣.♣.###.###.^[#...≈##
##.........#©#...©..©#.P.##
≈..#########.#.###.^.#.♣.≈##
...#...#...#.#.#.###$#...≈≈#
...#.#.#.#.#.#x#@..*O#...≈##
.###.#.#.#.#.#########...##
.#©#.##©##©#©#.........♣.≈##
.#.#.#.#.#.#.#########.P.≈≈#
.#.#.#.#.#.#.#..pYYYY#...≈##
.#.#...#.P.#.#..#.#.|#.P.## .#
.#.#########.#..#.#."#.♣..##...
.#.#.......#©#..#©#.©#.P...#.♣.#
##.#..P♣P..###..#.#..#...♣.#....


You could see 4 death yaks, a wretched star (corroded, ally target), a
necromancer and a friendly ogre (summoned, berserk, misshapen).

Vanquished Creatures
  3 two-headed ogres
  3 death yaks (D:10)
  A fire crab (Gauntlet)
  Pikel (D:7)
  A salamander (shapeshifter) (D:10)
  An eye of devastation (Gauntlet)
  An unseen horror (D:10)
  2 kobold demonologists (D:9)
  A komodo dragon (Lair:1)
  A freezing wraith (D:9)
  A troll (D:10)
  A hornet (D:10)
  Grinder (D:4)
  A vampire (D:9)
  2 wraiths (D:10)
  9 yaks
  A neqoxec (Gauntlet)
  3 wyverns
  4 fire bats (Gauntlet)
  A small abomination (Gauntlet)
  A golden eye (Gauntlet)
  6 steam dragons
  An acid dragon (D:10)
  4 water moccasins
  A swamp drake (D:10)
  3 sky beasts
  A floating eye (Gauntlet)
  9 orc warriors
  2 ice beasts (D:6)
  3 necrophages
  An ogre (D:6)
  6 wolves (Lair:1)
  8 centaurs
  4 lemures
  A phantom (D:5)
  A gnoll sergeant (D:10)
  2 scorpions (D:5)
  10 bullfrogs
  A wyvern zombie (D:5)
  3 water moccasin zombies (D:5)
  7 wights
  2 howler monkeys (D:10)
  A bullfrog zombie (D:6)
  3 centaur zombies
  3 centaur skeletons
  6 orc priests
  3 hounds
  A gnoll shaman (D:2)
  5 iguanas
  13 orc wizards
  A killer bee zombie (D:5)
  3 mummies (Ossuary)
  5 gnolls (D:3)
  12 adders
  2 white imps
  2 adder zombies (Ossuary)
  2 worms
  35 orcs
  6 ball pythons
  5 bats
  8 endoplasms
  3 giant cockroaches
  6 hobgoblins
  5 jackals
  3 quokkas
  2 frilled lizards
  3 gnoll zombies (Ossuary)
  7 goblins
  3 goblin zombies (Ossuary)
  2 hobgoblin zombies (Ossuary)
  14 kobolds
  3 kobold zombies (Ossuary)
  3 quokka zombies (Ossuary)
  5 rats
  2 rat zombies (Ossuary)
293 creatures vanquished.

Vanquished Creatures (collateral kills)
  A neqoxec (Gauntlet)
1 creature vanquished.

Vanquished Creatures (others)
  An ogre mage (D:9)
  An orc wizard (D:10)
  A fungus (Lair:1)
  A plant (D:1)
4 creatures vanquished.

Grand Total: 298 creatures vanquished

Notes
Turn   | Place    | Note
-------+----------+-------------------------------------------
     0 | D:1      | magipi the Djinni Berserker began the quest for the Orb.
     0 | D:1      | Reached XP level 1. HP: 20/20 MP: 0/0
     2 | D:1      | Noticed a naga
     2 | D:1      | Noticed a dwarf
     6 | D:1      | Noticed a barachi
     6 | D:1      | Noticed a ghoul
     8 | D:1      | Noticed an ogre
     8 | D:1      | Noticed a merfolk
    10 | D:1      | Noticed a demonspawn
    10 | D:1      | Noticed a vampire
    12 | D:1      | Noticed an elf
    12 | D:1      | Noticed a tengu
    14 | D:1      | Noticed a palentonga
    14 | D:1      | Noticed a centaur
    16 | D:1      | Noticed a formicid
    16 | D:1      | Noticed a felid
    18 | D:1      | Noticed a troll
    18 | D:1      | Noticed a minotaur
    20 | D:1      | Noticed an octopode
    20 | D:1      | Noticed a spriggan
    22 | D:1      | Noticed a draconian
    24 | D:1      | Noticed a vine stalker
    24 | D:1      | Noticed a gargoyle
    26 | D:1      | Noticed a demigod
    26 | D:1      | Noticed a human
   210 | D:1      | Reached XP level 2. HP: 25/25 MP: 0/0
   226 | D:1      | Found a faded altar of an unknown god.
   749 | D:1      | Reached skill level 3 in Polearms
   813 | D:1      | Reached XP level 3. HP: 29/30 MP: 0/0
   813 | D:1      | Learned a level 1 spell: Pain
   912 | D:1      | Reached skill level 1 in Throwing
  1227 | D:2      | Reached XP level 4. HP: 32/35 MP: 0/0
  1561 | D:2      | Reached ** piety under Trog
  2022 | D:3      | Found an iron altar of Okawaru.
  2146 | D:3      | Reached XP level 5. HP: 40/40 MP: 0/0
  2146 | D:3      | Learned a level 2 spell: Static Discharge
  2230 | D:2      | Reached skill level 4 in Polearms
  2799 | D:4      | Reached XP level 6. HP: 32/46 MP: 0/0
  3099 | D:4      | Found an opulent altar of Gozag.
  3100 | D:4      | Found a burning altar of Makhleb.
  3161 | D:4      | Noticed a necrophage
  3183 | D:4      | Killed a necrophage
  3184 | D:4      | Reached skill level 5 in Polearms
  3416 | D:4      | Reached XP level 7. HP: 50/50 MP: 0/0
  3416 | D:4      | Learned a level 3 spell: Frozen Ramparts
  3419 | D:4      | Noticed Grinder
  3434 | D:4      | Killed Grinder
  3576 | D:4      | Reached *** piety under Trog
  3648 | D:4      | Reached skill level 6 in Polearms
  3673 | D:4      | Found a sacrificial altar of Ru.
  3702 | D:4      | Reached XP level 8. HP: 54/56 MP: 0/0
  4242 | D:5      | Entered Level 5 of the Dungeon
  4360 | D:5      | Reached skill level 7 in Polearms
  4403 | D:5      | Found a sand-covered staircase.
  4408 | Ossuary  | Entered an ossuary
  4888 | D:5      | Reached XP level 9. HP: 59/60 MP: 0/0
  4888 | D:5      | Learned a level 3 spell: Portal Projectile
  4962 | D:5      | Reached **** piety under Trog
  5210 | D:5      | Found a staircase to the Ecumenical Temple.
  5221 | D:5      | Reached skill level 5 in Throwing
  5225 | Temple   | Entered the Ecumenical Temple
  5830 | D:6      | Reached skill level 8 in Polearms
  5936 | D:6      | Identified the +6 quarterstaff of the King {drain, Drain
                  | rElec rPois}
  6877 | D:7      | Reached skill level 9 in Polearms
  6893 | D:7      | Found a hide-covered altar of Uskayaw.
  6906 | D:7      | Found a flagged portal.
  6914 | Bailey   | Entered a bailey
  6914 | Bailey   | Noticed an orc knight
  6914 | Bailey   | Noticed an orc knight
  6915 | Bailey   | Noticed an orc knight
  6915 | Bailey   | Noticed an orc knight
  6915 | Bailey   | Noticed an orc knight
  7223 | D:7      | Reached XP level 10. HP: 67/67 MP: 0/0
  7334 | D:7      | Found a blossoming altar of Fedhas.
  7476 | D:7      | Noticed Pikel
  7555 | D:7      | Killed Pikel
  8049 | D:8      | Reached skill level 10 in Polearms
  8170 | D:8      | Found Bufec's Magic Scroll Emporium.
  8189 | D:8      | Bought a scroll of identify for 26 gold pieces
  8189 | D:8      | Bought a scroll of identify for 26 gold pieces
  8189 | D:8      | Bought a scroll of noise for 13 gold pieces
  8358 | D:8      | Noticed a two-headed ogre
  9097 | D:8      | Found a shadowy altar of Dithmenos.
  9098 | D:8      | Found a hazy altar of Hepliaklqana.
  9147 | D:8      | Identified the +1 leather armour of Vaheafif {Dex+2}
  9308 | D:8      | Found Bufec's Magic Scroll Emporium.
  9443 | D:8      | Found a hazy altar of Hepliaklqana.
  9444 | D:8      | Found a shadowy altar of Dithmenos.
  9824 | D:8      | Killed a two-headed ogre
  9825 | D:8      | Reached skill level 1 in Evocations
 10014 | D:9      | Found a glowing silver altar of Zin.
 10020 | D:9      | Noticed a kobold demonologist
 10026 | D:9      | Noticed a kobold demonologist
 10031 | D:9      | Noticed an orange demon
 10035 | D:9      | Noticed a sixfirhy
 10036 | D:9      | Noticed an ice devil
 10043 | D:9      | Killed a kobold demonologist
 10048 | D:9      | HP: 2/67 [kobold demonologist/+0 dagger (3)]
 10049 | D:9      | Killed a kobold demonologist
 10454 | D:9      | Noticed a two-headed ogre
 10516 | D:9      | Reached XP level 11. HP: 58/73 MP: 0/0
 10516 | D:9      | Learned a level 4 spell: Fulminant Prism
 10945 | D:9      | Noticed a two-headed ogre
 11368 | D:9      | Noticed an ogre mage
 11940 | D:9      | Paralysed by an ogre mage for 7 turns
 12002 | D:9      | Reached ***** piety under Trog
 12008 | D:9      | Killed an ogre mage
 12013 | D:9      | Reached skill level 5 in Fighting
 12151 | D:9      | Killed a two-headed ogre
 12348 | D:10     | Entered Level 10 of the Dungeon
 12726 | D:9      | Killed a two-headed ogre
 12727 | D:9      | Reached skill level 1 in Shields
 13043 | D:10     | Found a staircase to the Orcish Mines.
 13248 | D:10     | Reached skill level 5 in Armour
 13622 | D:10     | Found a staircase to the Lair.
 13623 | D:10     | Noticed a death yak
 13623 | D:10     | Noticed a death yak
 13624 | D:10     | Noticed a death yak
 13656 | D:10     | Killed a death yak
 13672 | D:10     | Killed a death yak
 13673 | D:10     | Reached XP level 12. HP: 22/82 MP: 0/0
 14137 | D:10     | Killed a death yak
 14138 | D:10     | Reached skill level 5 in Evocations
 14515 | D:10     | Reached skill level 11 in Polearms
 15388 | Lair:1   | Entered Level 1 of the Lair of Beasts
 16456 | Lair:2   | Found a gate leading to a gauntlet.
 16471 | Gauntlet | Entered a Gauntlet
 16471 | Gauntlet | Found a transporter.
 16471 | Gauntlet | Noticed a fire crab
 16478 | Gauntlet | Found a transporter.
 16480 | Gauntlet | Found a transporter.
 16495 | Gauntlet | Found a transporter.
 16497 | Gauntlet | Found a transporter.
 16499 | Gauntlet | Noticed a balrug
 16506 | Gauntlet | Noticed a death drake
 16507 | Gauntlet | Found a transporter.
 16523 | Gauntlet | Found a transporter.
 16533 | Gauntlet | Found a transporter.
 16536 | Gauntlet | Noticed a death yak
 16538 | Gauntlet | Noticed a death yak
 16540 | Gauntlet | Noticed a death yak
 16541 | Gauntlet | Noticed a death yak
 16542 | Gauntlet | Found a transporter.
 16542 | Gauntlet | Found a transporter.
 16565 | Gauntlet | Found a transporter.
 16565 | Gauntlet | Found a transporter.
 16587 | Gauntlet | Noticed a wretched star
 16590 | Gauntlet | Found a transporter.
 16607 | Gauntlet | Found a transporter.
 16773 | Gauntlet | Killed a fire crab
 16900 | Gauntlet | Paralysed by a floating eye for 4 turns
 17001 | Gauntlet | Gained mutation: You are partially covered in large bone
                  | plates. (SH +4) [a neqoxec]
 17003 | Gauntlet | Gained mutation: Potions are less effective at restoring
                  | your health. [a neqoxec]
 17007 | Gauntlet | Gained mutation: Armour fits poorly on your strangely
                  | shaped body. [a neqoxec]
 17014 | Gauntlet | HP: 3/68 [wretched star/lance of force (18)]
 17014 | Gauntlet | Collided with a metal wall

Illustrated notes

Levels and vault maps discovered:
D:1:      kb_arrival_jail, layout_basic, shapermc_ecumenical_altar_gd
D:2:      layout_rooms, kennysheep_generic_room_14
D:3:      layout_rooms, okawaru_ov_weapons_minmay
D:4:      layout_basic, nicolae_ru_great_annihilating_truth,
          grunt_temple_overflow_open, minmay_manual_mares, uniq_grinder
D:5:      layout_gridville, minmay_temple_entry_slanted,
          lightli_ossuary_entry_decrepit_ruins
D:6:      layout_loops_cross
D:7:      layout_basic, nicolae_uskayaw_suspiria,
          nicolae_overflow_hidden_temple, enter_bailey_2, uniq_pikel
D:8:      layout_basic, riverfiend_overflow_shadow_ancestor, serial_shops, shop
D:9:      layout_irregular_city, nicolae_vehumet_altar_sigil, zin_academy,
          amcnicky_altar_gilded, evilmike_minifort
D:10:     cheibrodos_barr_body, layout_basic, dpeg_lair_monsters, erik_orc_1
Temple:   pf_slime_end_temple
Lair:1:   layout_cave_pods
Lair:2:   layout_roguey, palyth_hydra_swamp_entry, gauntlet_entry_generic,
          lemuel_fruit_tree, serial_bayou_shore_b
Gauntlet: minmay_gauntlet_77_tree [minmay_gauntlet_arena_77_broken_ladder,
          minmay_gauntlet_arena_77_two_paths,
          minmay_gauntlet_arena_77_terracotta_army,
          minmay_gauntlet_arena_77_mirror,
          minmay_gauntlet_arena_77_chump_sandwich, minmay_gauntlet_arena_77_fan,
          minmay_gauntlet_arena_77_tiled_triplets, gauntlet_exit_watery]

Skill      XL: |  1  2  3  4  5  6  7  8  9 10 11 12 |
---------------+-------------------------------------+-----
Polearms       | 3 4 5 6 7 9 10 11 | 11.2
Throwing       | 1 2 3 4 6 7 8 |  8.6
Evocations     | 2 4 6 |  6.1
Armour         | 3 5 6 |  6.4
Fighting       | 4 5 7 |  7.0
Shields        | 2 4 |  4.1
Dodging        | |  2.2

Action                   |  1- 3 |  4- 6 |  7- 9 | 10-12 || total
-------------------------+-------+-------+-------+-------++-------
Melee: Spear             |    86 |   115 |       |       ||   201
       Halberd           |       |    56 |   317 |   216 ||   589
       Trident           |       |       |       |   369 ||   369
Throw: Stone             |    32 |     6 |    12 |    46 ||    96
       Dart              |       |       |    12 |     1 ||    13
       Boomerang         |       |       |       |    70 ||    70
Invok: Berserk           |     3 |     6 |    10 |    13 ||    32
       Trog's Hand       |       |       |     1 |     2 ||     3
       Brothers in Arms  |       |       |       |     3 ||     3
Evoke: Wand              |       |       |       |    24 ||    24
  Use: Scroll            |       |       |    13 |     7 ||    20
       Potion            |       |       |     3 |     4 ||     7
 Stab: Paralysed         |       |       |     1 |       ||     1
Armor: Animal skin       |    15 |       |       |       ||    15
       Plate armour      |       |   104 |   204 |   346 ||   654
Dodge: Dodged            |    31 |    27 |    74 |   105 ||   237
Block: Kite shield       |    11 |    39 |       |   152 ||   202

Table legend: (Time is in decaauts)
 A = Elapsed time spent in this place.
 B = Non-inter-level travel time spent in this place.
 C = Inter-level travel time spent in this place.
 D = Time resting spent in this place.
 E = Time spent auto-exploring this place.
 F = Levels seen in this place.
 G = Mean time per level.
                   A        B        C        D        E       F      G
               +--------+--------+--------+--------+--------+-----+--------+
         Total |  17394 |  16777 |    617 |   5243 |   5989 |  16 | 1087.1 |
       Dungeon |  15150 |  14612 |    538 |   4689 |   5272 |  10 | 1515.0 |
        Temple |    291 |    267 |     24 |    127 |    123 |   1 |  291.0 |
          Lair |   1054 |    999 |     55 |    155 |    571 |   2 |  527.0 |
       Ossuary |    330 |    330 |      0 |    152 |      0 |   1 |  330.0 |
        Bailey |      7 |      7 |      0 |      0 |      0 |   1 |    7.0 |
      Gauntlet |    559 |    559 |      0 |    119 |     23 |   1 |  559.0 |
               +--------+--------+--------+--------+--------+-----+--------+

Top non-repeatable levels by time:
     D:9: 2749 daAuts
    D:10: 2540 daAuts
     D:8: 2130 daAuts
     D:4: 1639 daAuts
     D:7: 1121 daAuts
     D:1: 1118 daAuts
     D:5: 1084 daAuts
     D:6: 1040 daAuts
     D:2: 1040 daAuts
  Lair:1: 1022 daAuts
     D:3: 686 daAuts
Gauntlet: 559 daAuts
 Ossuary: 330 daAuts
  Temple: 291 daAuts
  Lair:2: 31 daAuts
